 Dungeon Crawl Stone Soup version 0.17-a0-1596-g1e86911 (console) character file.

632 Monkaria the Covert (level 7, 0/24 HPs)
             Began as a Felid Berserker on July 31, 2015.
             Was a Priest of Trog.
             Slain by an orc priest (4 damage)
             ... on level 6 of the Dungeon.
             The game lasted 00:10:48 (5377 turns).

Monkaria the Covert (Felid Berserker)               Turns: 5377, Time: 00:10:48

Health: 0/24       AC:  2    Str: 17    XL:     7   Next: 24%
Magic:  8/8        EV: 23    Int:  8    God:    Trog [***...]
Gold:   363        SH:  0    Dex: 16    Spells: 0 memorised, 6 levels left
                                        Lives:  0   Deaths: 2

rFire  . . .     SeeInvis +       - Unarmed
rCold  . . .     Clarity  .     (armour unavailable)
rNeg   . . .     SustAt   .     (shield unavailable)
rPois  .         Gourm    .     (helmet unavailable)
rElec  .         Spirit   .     (cloak unavailable)
rCorr  .         Warding  .     (gloves unavailable)
rMut   .         Stasis   .     (boots unavailable)
MR     +....                    (no amulet)
Stlth  +++++.....               (no ring)
                                q - +4 ring of strength

@: quick, somewhat resistant to hostile enchantments, quite stealthy
A: no armour, no weapons or thrown items, antennae 1, claws 1, fangs 3, see
invisible, carnivore 3, speed 1, frail 2, screaming 1, shaggy fur 2, slow
metabolism 1, weak 1, sharp paws
a: Burn Spellbooks, Berserk, Trog's Hand, Renounce Religion


You were on level 6 of the Dungeon.
You worshipped Trog.
Trog was most pleased with you.
You were not hungry.

You visited 1 branch of the dungeon, and saw 6 of its levels.
You also visited: Sewer and Ossuary.

You collected 363 gold pieces.

Inventory:

Jewellery
 q - a +4 ring of strength (left paw)
Magical devices
 i - a wand of magic darts (22)
 k - a wand of frost (34)
 s - a wand of fire (11)
Scrolls
 b - 8 scrolls of remove curse
 c - 2 scrolls of noise
 d - 11 scrolls of teleportation
 j - a scroll of fog
 m - a scroll of blinking {unknown}
 r - 2 scrolls of recharging {unknown}
Potions
 e - 3 potions of cancellation
 f - 3 potions of might
 g - 2 potions of curing
 h - 4 potions of invisibility
 l - a potion of ambrosia
 n - 2 potions of berserk rage
 t - a potion of cure mutation {unknown}
 u - a potion of brilliance {unknown}
 v - a potion of agility {unknown}
Comestibles
 a - 6 meat rations
 o - a beef jerky
 p - 2 slices of pizza
 w - a royal jelly


   Skills:
 - Level 3.0 Fighting
 + Level 8.1 Dodging
 - Level 8.2 Stealth
 - Level 8.0 Unarmed Combat


You had 6 spell levels left.
You didn't know any spells.

Dungeon Overview and Level Annotations

Branches:
Dungeon (6/15)             Temple (0/1) D:5

Altars:
Fedhas
Ru
Sif Muna
The Shining One


Innate Abilities, Weirdness & Mutations

You cannot wear armour.
You are incapable of wielding weapons or throwing items.
You have sharp claws.
You have razor-sharp teeth.
You have supernaturally acute eyesight.
You are carnivorous and can eat meat at any time.
You cover ground quickly.
You are covered in thick fur (AC +2).
You have a slow metabolism.
Your sharp claws are effective at attacking unaware monsters.
You have a pair of small antennae on your head.
You are very frail (-20% HP).
You occasionally shout uncontrollably at your foes.
You are weak. (Str -2)


Message History

The orc warrior is moderately wounded.
The orc warrior completely misses you. The orc priest closely misses you.
You closely miss the orc warrior.
The orc warrior is moderately wounded.
The orc warrior hits you but does no damage.
The orc priest misses you.
You scratch the orc warrior.
The orc warrior is heavily wounded.
The orc priest barely misses you.
The orc warrior hits you with a scimitar.
You scratch the orc warrior but do no damage.
You bite the orc warrior, but do no damage.
The orc warrior is heavily wounded.
The orc closely misses you.
You closely miss the orc warrior.
The orc warrior is heavily wounded.
The orc priest hits you with a dagger.
* * * LOW HITPOINT WARNING * * *
The orc warrior barely misses you. The orc priest hits you.
You die...

..#..........###'##...#.........,
..+..........+........#.........,
..#..........#........#.........,
..#.....###'##>.......#.........,
..#.....#........####'#..o......,
..#.....'...####'#......†o......,
..#.....#...#...........oo.o....,
..'.....#...#...................,
..#.....#####...@o..............,
#+#.....# #..ooo..............,
........# #...................,
........# #...................,
..(.....# #...................,
........# #............,,,,,,,,
........# ##'###......,,,,,,,,,
........# *..,,*......,,,,,,,,,
#+#.....# *,,,,+,,,,,,,,,,,,,,,


You could see an orc warrior, 2 orc priests and an orc.

Vanquished Creatures
  2 wraiths (Ossuary)
  A sky beast (D:6)
  A water moccasin (D:5)
  4 ogres
  2 giant frogs (D:6)
  3 wights (Ossuary)
  A crimson imp (D:5)
  A centaur zombie (Ossuary)
  A hound (D:6)
  3 iguanas
  A worker ant (D:4)
  A killer bee zombie (D:6)
  8 gnolls
  6 adders
  A shadow imp (D:6)
  5 oozes
  An adder skeleton (D:5)
  An adder zombie (Ossuary)
  5 worms (Sewer)
  6 giant geckos
  7 orcs
  4 ball pythons
  7 giant cockroaches
  13 goblins
  6 hobgoblins
  4 jackals (Sewer)
  A quokka (D:3)
  A ball python skeleton (Ossuary)
  10 bats
  5 giant newts
  A hobgoblin skeleton (Ossuary)
  2 hobgoblin zombies (Ossuary)
  9 kobolds
  A kobold zombie (Ossuary)
  An orc skeleton (Ossuary)
  2 quokka zombies
  8 rats
136 creatures vanquished.

Notes
Turn   | Place    | Note
--------------------------------------------------------------
     0 | D:1      | Monkaria the Felid Berserker began the quest for the Orb.
     0 | D:1      | Reached XP level 1. HP: 10/10 MP: 2/2
    81 | D:1      | Reached XP level 2. HP: 9/14 MP: 3/3
   633 | D:2      | Acquired Trog's second power
   633 | D:2      | Reached XP level 3. HP: 17/17 MP: 4/4
   819 | D:2      | Reached skill level 5 in Stealth
  1094 | D:2      | Reached XP level 4. HP: 14/21 MP: 5/5
  1189 | D:2      | Reached skill level 6 in Stealth
  1682 | D:3      | Found a faded altar to an unknown god.
  2119 | D:4      | Reached XP level 5. HP: 24/24 MP: 6/6
  2178 | D:4      | Found a glowing golden altar of the Shining One.
  2240 | D:4      | Reached skill level 7 in Stealth
  2318 | D:4      | Found a sand-covered staircase.
  2327 | Ossuary  | Entered an ossuary
  2385 | Ossuary  | Reached skill level 8 in Stealth
  2421 | Ossuary  | Gained mutation: You are covered in thick fur (AC +2). [Felid growth]
  2421 | Ossuary  | Reached XP level 6. HP: 14/28 MP: 7/7
  2627 | Ossuary  | Noticed a wraith
  2627 | Ossuary  | Noticed a flying skull
  2667 | Ossuary  | Noticed a flying skull
  2676 | Ossuary  | Noticed a wraith
  2685 | Ossuary  | Killed a wraith
  2685 | Ossuary  | Reached skill level 5 in Unarmed Combat
  2694 | Ossuary  | Noticed a flying skull
  2879 | Ossuary  | Noticed a flying skull
  2886 | Ossuary  | Noticed a wraith
  2891 | Ossuary  | Killed a wraith
  2891 | Ossuary  | Reached XP level 7. HP: 31/31 MP: 8/8
  3221 | D:5      | Entered Level 5 of the Dungeon
  3320 | D:5      | Found a staircase to the Ecumenical Temple.
  3366 | D:5      | Mangled by an ogre
  3367 | D:5      | Reached XP level 6. HP: -11/28 MP: 7/7
  3592 | D:5      | Reached XP level 7. HP: 29/31 MP: 8/8
  3902 | D:5      | Found a glowing golden altar of the Shining One.
  4019 | D:6      | Found a glowing drain.
  4044 | Sewer    | Entered a sewer
  4988 | D:6      | Reached skill level 5 in Dodging
  5016 | D:6      | Reached XP level 8. HP: 18/34 MP: 9/9
  5091 | D:6      | Found a sacrificial altar of Ru.
  5091 | D:6      | Found a deep blue altar of Sif Muna.
  5092 | D:6      | Found a blossoming altar of Fedhas.
  5278 | D:6      | Gained mutation: You have a pair of small antennae on your head. [mutagenic meat]
  5279 | D:6      | Gained mutation: You are frail (-10% HP). [mutagenic meat]
  5280 | D:6      | Gained mutation: You are very frail (-20% HP). [mutagenic meat]
  5281 | D:6      | Gained mutation: You are weak. (Str -2) [mutagenic meat]
  5283 | D:6      | Gained mutation: You occasionally shout uncontrollably at your foes. [mutagenic meat]
  5339 | D:6      | Killed from afar by an orc priest
  5340 | D:6      | Reached XP level 7. HP: -11/36 MP: 8/8
  5377 | D:6      | Slain by an orc priest

Vault maps used:
D:1:      dpeg_arrival_ratfight
D:2:      grunt_ministairs_3
D:3:      serial_aquarium, aquarium_bridge_long_separate,
          aquarium_window_corridor_2, aquarium_window_fake,
          aquarium_window_fake, aquarium_view_2f, aquarium_view_2d,
          ecumenical_altar_1, hangedman_decor_clover_reticule,
          minmay_tree_intersection, st_stairs_3, guppyfry_early_lair_pool
D:4:      enter_ossuary_1, corexii_checkpoint_a, tso_metal_star
D:5:      minmay_temple_entry_glassed_door, basic_altar, first_bread
D:6:      gammafunk_temple_overflow_claw, portal_sewer_entry_d
Sewer:    sewer_fruit_machine
Ossuary:  ossuary_due_cavern

Action                   |  1- 3 |  4- 6 |  7- 9 || total
-------------------------+-------+-------+-------++-------
Melee: Unarmed           |    91 |   123 |   170 ||   384
Invok: Berserk           |     1 |     4 |     3 ||     8
       Trog's Hand       |     1 |     2 |     3 ||     6
  Use: Scroll            |       |    11 |     4 ||    15
       Potion            |       |       |     3 ||     3
 Stab: Sleeping          |     9 |    19 |     8 ||    36
       Distracted        |       |       |     2 ||     2
  Eat: Chunk             |     2 |    12 |    17 ||    31
